Unix NetHack Version 5.0.0-0 post-release - last build May 10 2026 23:12:36 (d1fa5d53e341ca933230fdaa984d921c805b60aa,branch:main).

Game began 2026-05-13 19:30:00, ended 2026-05-13 20:12:14.

Drastanta, neutral male gnomish Wizard

                                ----   --------
                                |..-----0.....|
                                |.....^.......|
                                |^------......|
                                |.|    |......|
                                |%|------.----|
                                |^||....|.....|
                                |^||.000|...0.|
                                |^|-.C@.)..0..|
                                |<|>...---....|
                                -------- ------

Drastanta the Conjurer    St:7 Dx:15 Co:17 In:19 Wi:11 Ch:7  Neutral
Dlvl:6  $:488 HP:0(31) Pw:9(37) AC:6  Xp:4 T:3153 

Latest messages:
 The plains centaur swings his crossbow.
 The plains centaur hits!
 The plains centaur just misses!
 In what direction? 7
 The spell misses the plains centaur.
 The plains centaur swings his crossbow.
 The plains centaur hits!
 The plains centaur kicks!
 In what direction? 7
 The spell misses the plains centaur.
 The plains centaur swings his crossbow.
 The plains centaur hits!
 The plains centaur kicks!
 The plains centaur swings his crossbow.
 The plains centaur hits!
 The plains centaur kicks!
 Are you sure you want to pray? [yn] (n) y
 You begin praying to Thoth.
 You are surrounded by a shimmering light.
 The plains centaur starts to attack you, but pulls back.
 The plains centaur starts to attack you, but pulls back.
 The plains centaur starts to attack you, but pulls back.
 You finish your prayer.
 You feel that Thoth is well-pleased.
 You feel much better.
 You miss the plains centaur.
 The plains centaur swings his crossbow.
 The plains centaur hits!
 The plains centaur kicks!
 You miss the plains centaur.
 The plains centaur swings his crossbow.
 The plains centaur hits!
 The plains centaur kicks!
 The plains centaur swings his crossbow.
 The plains centaur hits!
 The plains centaur misses!
 You see here a crossbow bolt.
 The plains centaur swings his crossbow.
 The plains centaur hits!
 The plains centaur kicks!
 In what direction? 4
 The spell hits the plains centaur!
 The plains centaur swings his crossbow.
 The plains centaur hits!
 You die...
 Do you want your possessions identified? [ynq] (y) n
 Do you want to see your attributes? [ynq] (y) y
 Do you want an account of creatures vanquished? [ynaq] (y) y
 Do you want to see your conduct and achievements? [ynq] (y) y
 Do you want to see the dungeon overview? [ynq] (y) y

Inventory:
 Coins    ('$')
  $ - 488 gold pieces
 Weapons  (')')
  a - a blessed +1 quarterstaff (weapon in hands)
 Armor    ('[')
  L - an uncursed +0 elven leather helm
  b - an uncursed +0 cloak of magic resistance (being worn)
  E - an uncursed +0 mummy wrapping
  r - an uncursed +0 studded leather armor (being worn)
 Comestibles  ('%')
  N - an uncursed candy bar labeled "Choco Nummer"
  v - 2 uncursed cream pies
  z - 2 uncursed tripe rations
 Scrolls  ('?')
  p - 2 uncursed scrolls of earth
  H - an uncursed scroll of enchant weapon
  j - an uncursed scroll of food detection
  C - a blessed scroll of gold detection
  D - a cursed scroll of light
  u - an uncursed scroll of magic mapping
  G - an uncursed scroll of punishment
  i - a blessed scroll of remove curse
  k - an uncursed scroll of scare monster
  I - an uncursed scroll of teleportation
 Spellbooks  ('+')
  l - a blessed spellbook of force bolt
  m - an uncursed spellbook of protection
 Potions  ('!')
  g - 2 uncursed potions of enlightenment
  f - an uncursed potion of object detection
  h - a potion of holy water
 Rings    ('=')
  o - an uncursed ring of poison resistance
  d - an uncursed ring of polymorph control
  B - an uncursed ring of protection from shape changers
  e - an uncursed ring of warning (on right hand)
 Wands    ('/')
  t - a wand of digging (0:5)
  M - a wand of opening (0:5)
  c - a wand of secret door detection (0:6)
 Tools    ('(')
  n - a magic marker (0:20)
  F - an uncursed tin whistle

Drastanta the Wizard's attributes:

Background:
 You were a Conjurer, a level 4 male gnomish Wizard.
 You were neutral, on a mission for Thoth
 who was opposed by Ptah (lawful) and Anhur (chaotic).
 You were right-handed.
 You were in Sokoban, on level 6.
 You entered the dungeon 3153 turns ago.
 You had 157 experience points, 3 more were needed to attain level 5.

Basics:
 You had 0 out of 31 hit points.
 You had 9 out of 37 energy points (spell power).
 Your armor class was 6.
 Your wallet contained 488 zorkmids.
 Autopickup was off.

Final Characteristics:
 Your strength was 7 (peak:8, limit:18/50).
 Your dexterity was 15 (limit:18).
 Your constitution was 17 (limit:18).
 Your intelligence was 19 (limit:19).
 Your wisdom was 11 (limit:18).
 Your charisma was 7 (limit:18).

Final Status:
 You weren't hungry.
 You were unencumbered.
 You were wielding a quarterstaff.
 You had basic skill with quarterstaff.

Final Attributes:
 You were piously aligned.
 You were magic-protected.
 You were warned.
 You had infravision.
 You were warded.
 You are dead.

Miscellaneous:
 You didn't encounter any bones levels.
 Total elapsed playing time was 41 minutes and 46 seconds.

Major events:
 Turn
    1: Drastanta the neutral male gnomish Wizard entered the dungeon
 1161: attained the rank of Conjurer (level 3)
 1178: entered the Gnomish Mines
 2931: entered Sokoban
 3153: killed by a plains centaur

Spells:
 Name                 Level Category     Fail Retention
 force bolt             1   attack         0%   81%-90%
 protection             1   clerical       0%  76%-100%

Skills:
 Fighting Skills
   bare handed combat [Unskilled]
   riding             [Unskilled]
 Weapon Skills
   dagger             [Unskilled]
   knife              [Unskilled]
   axe                [Unskilled]
   short sword        [Unskilled]
   club               [Unskilled]
   mace               [Unskilled]
   quarterstaff       [Basic]
   polearms           [Unskilled]
   spear              [Unskilled]
   trident            [Unskilled]
   sling              [Unskilled]
   dart               [Unskilled]
   shuriken           [Unskilled]
 Spellcasting Skills
   attack spells      [Basic]
   healing spells     [Unskilled]
   divination spells  [Unskilled]
   enchantment spells [Basic]
   clerical spells    [Unskilled]
   escape spells      [Unskilled]
   matter spells      [Unskilled]

Voluntary challenges:
 Character rerolling was not enabled.
 You were illiterate.
 You never genocided any monsters.
 You never polymorphed an object.
 You never changed form.
 You used no wishes.
 You did not violate any of the special Sokoban rules.
Achievements:
 You attained the rank of Conjurer.
 You entered the Gnomish Mines.
 You entered a shop.
 You entered Sokoban.

 The Dungeons of Doom: levels 1 to 7
    Level 1:
       Many fountains.
    Level 2:
       A fountain.
    Level 3:
       A sink.
    Level 4:
       A fountain, some sinks.
       Stairs down to The Gnomish Mines.
    Level 5:
       An altar to Thoth, a fountain, some graves.
    Level 6:
       Many fountains.
       Oracle of Delphi.
    Level 7:
       Some shops, many fountains.
       Stairs up to Sokoban, level 6.
 The Gnomish Mines:
    Level 5:
 Sokoban:
    Level 6: <- You were here.
       Unsolved.
       Final resting place for
          you, killed by a plains centaur.


Vanquished creatures:
  a shrieker
  2 kobold mummies
  2 floating eyes
  a homunculus
  2 kobold leaders
  a giant bat
 an orc zombie
  2 dwarf zombies
 an iguana
 an acid blob
  a large kobold
  a giant rat
  a green mold
  3 red molds
  a gnome
  a jackal
  a fox
  3 sewer rats
  4 grid bugs
  4 lichens
  2 kobold zombies
  6 newts
42 creatures vanquished.

No species were genocided or became extinct.

Game over:
                       ----------
                      /          \
                     /    REST    \
                    /      IN      \
                   /     PEACE      \
                  /                  \
                  |    Drastanta     |
                  |      488 Au      |
                  |   killed by a    |
                  |  plains centaur  |
                  |                  |
                  |                  |
                  |       2026       |
                 *|     *  *  *      | *
        _________)/\\_//(\/(/\)/\//\/|_)_______

Goodbye Drastanta the Wizard...

You died in Sokoban on dungeon level 6 with 1378 points,
and 488 pieces of gold, after 3153 moves.
You were level 4 with a maximum of 31 hit points when you died.

